 Dungeon Crawl Stone Soup version 0.31-a0-825-gf28bc0971e (webtiles) character file.

Game seed: 353088209807986343

85 qw the Shooter (level 4, -1/28 HPs)
             Began as a Gargoyle Hunter on Sept 23, 2023.
             Killed by divine providence
             ... invoked by an orc priest
              (13 damage)
             ... on level 3 of the Dungeon.
             The game lasted 00:00:40 (1928 turns).

qw the Shooter (Gargoyle Hunter)                    Turns: 1928, Time: 00:00:40

Health: -1/28      AC:  8    Str: 15    XL:     4   Next: 48%
Magic:  4/4        EV: 11    Int:  9    God:
Gold:   99         SH:  0    Dex: 15    Spells: 3/3 levels left

rFire   . . .        Y - +0 shortbow
rCold   . . .        (shield currently unavailable)
rNeg    + . .        e - +0 ring mail
rPois   inf          (no helmet)
rElec   +            (no cloak)
rCorr   .            (no gloves)
SInv    .            (no boots)
Will    .....        (no amulet)
Stlth   +            (no ring)
HPRegen 0.24/turn    (no ring)
MPRegen 0.09/turn

%: no passive effects
@: no status effects
A: sickness immunity, AC +3, negative energy resistance 1, electricity
resistance, torment resistance 1, petrification resistance
a: no special abilities


You were on level 3 of the Dungeon.
You visited 1 branch of the dungeon, and saw 3 of its levels.

You collected 99 gold pieces.


Innate Abilities, Weirdness & Mutations

You are immune to sickness and miasma.
Your stone body is resilient. (AC +3)
You are immune to poison.
You resist negative energy. (rN+)
You are resistant to electric shocks. (rElec)
You are resistant to unholy torment.
You are immune to petrification.


   Skills:
 - Level 3.0 Fighting
 + Level 5.3 Ranged Weapons
 - Level 1.0 Armour
 - Level 1.5 Dodging
 - Level 1.1 Stealth


You had 3 spell levels left.
You didn't know any spells.
Your spell library was empty.

Inventory:

Hand Weapons
 Y - a +0 shortbow (weapon)
Armour
 e - a +0 ring mail (worn)
Jewellery
 a - a ring of fire
Scrolls
 b - 2 scrolls of identify
Potions
 d - a potion of curing

Dungeon Overview and Level Annotations

Branches:
Dungeon (3/15)

Altars:
Fedhas


Message History

A kobold comes into view. It is wielding a +0 whip.
The orc priest mumbles some strange prayers to Beogh against you.
Beogh smites you!
The orc priest miscasts a cantrip.
The kobold moves out of view.
You shoot an arrow.
The arrow hits the orc but does no damage.
The orc is almost dead.
A giant cockroach comes into view.
The orc hits you with a +0 short sword.
You shoot an arrow. The arrow hits the orc!
You kill the orc!
You shoot an arrow. The arrow hits the orc.
The orc is severely wounded.
The orc barely misses you.
You shoot an arrow. The arrow closely misses the orc. x2
The arrow hits the giant cockroach!
You kill the giant cockroach!
You shoot an arrow. The arrow hits the orc!
You kill the orc!
You shoot an arrow. The arrow closely misses the orc.
The arrow hits the kobold but does no damage.
The orc hits you with a +0 hand axe.
You shoot an arrow.
The arrow hits the orc but does no damage.
The orc is severely wounded.
The orc hits you but does no damage. x2
You shoot an arrow. The arrow hits the orc!
You kill the orc!
You shoot an arrow. The arrow hits the kobold.
You kill the kobold!
You shoot an arrow. The arrow hits the orc priest.
The orc priest is moderately wounded.
The orc priest mumbles some strange prayers to Beogh against you.
Pain shoots through your body!
You shoot an arrow. The arrow hits the orc priest.
The orc priest is heavily wounded.
The orc priest invokes the aid of Beogh against you.
Beogh smites you!
You die...

.. . . 77777777.
.¤~~~~..7
~.....~o7
¤¤~~~.~)7
¤¤...~~@7
¤~._.~~.7
~~...~~.7
~.~~¤.¤.7 ..#.
~.....¤.7 #...##7
.~~¤¤~..7#
......777777777.#
#..#.. #.......#
.#.....##....####


You could see an orc priest.

Vanquished Creatures
  A gnoll (D:1)
  An adder (D:2)
  A worm (D:2)
  A dart slug (D:2)
  7 orcs
  6 ball pythons
  6 bats
  3 endoplasms
  A giant cockroach (D:3)
  7 goblins
  3 hobgoblins
  2 quokkas
  4 frilled lizards
  4 kobolds
  7 rats
54 creatures vanquished.

Notes
Turn   | Place    | Note
-------+----------+-------------------------------------------
     0 | D:1      | qw the Gargoyle Hunter began the quest for the Orb.
     0 | D:1      | Reached XP level 1. HP: 12/12 MP: 1/1
     0 | D:1      | 0 ||| qw: Version: 0.3-a-83-gcd0e7d8
     0 | D:1      | 0 ||| qw: Game counter: 1810
     0 | D:1      | 0 ||| qw: Melee chars always use a shield: true
     0 | D:1      | 0 ||| qw: God list: Okawaru
     0 | D:1      | 0 ||| qw: Allow faded altars: false
     0 | D:1      | 0 ||| qw: Do Orc after clearing Dungeon:15 true
     0 | D:1      | 0 ||| qw: Do second Lair branch before Depths: true
     0 | D:1      | 0 ||| qw: Lair rune preference: random
     0 | D:1      | 0 ||| qw: Goals: Normal
     0 | D:1      | 0 ||| PLANNING D:1-11
   183 | D:1      | Reached XP level 2. HP: 17/17 MP: 2/2
   351 | D:1      | Reached XP level 3. HP: 8/21 MP: 3/3
   439 | D:1      | Reached skill level 5 in Ranged Weapons
   856 | D:1      | 856 ||| READING scroll labelled TOSSORANET.
   857 | D:1      | 857 ||| READING scroll labelled NUERGH ORADD.
   858 | D:1      | 858 ||| DRINKING 2 bubbling inky potions.
   859 | D:1      | 859 ||| DROPPING scroll of butterflies.
  1062 | D:2      | Reached skill level 3 in Fighting
  1089 | D:2      | Found a faded altar of an unknown god.
  1184 | D:2      | Reached XP level 4. HP: 28/28 MP: 4/4
  1639 | D:2      | 1639 ||| UPGRADING to +0 ring mail.
  1649 | D:2      | 1649 ||| DROPPING +0 leather armour.
  1650 | D:2      | 1650 ||| READING 3 scrolls labelled SAVUAKK ITAIC.
  1651 | D:2      | 1651 ||| READING scroll labelled SOENUYM VYNE.
  1698 | D:3      | 1698 ||| STAIRDANCE
  1705 | D:3      | 1705 ||| STAIRDANCE
  1780 | D:3      | 1780 ||| STAIRDANCE
  1791 | D:2      | HP: 7/28 [orc/+0 trident (2)]
  1793 | D:2      | HP: 3/28 [bat (1)]
  1898 | D:3      | Reached skill level 1 in Armour
  1908 | D:3      | Found a blossoming altar of Fedhas.
  1928 | D:3      | Killed from afar by an orc priest

Levels and vault maps discovered:
D:1:      eino_arrival_water_cross, layout_basic
D:2:      layout_basic, shapermc_ecumenical_altar_mp_ritualfount
D:3:      layout_basic, mainiacjoe_overflow_paths, gammafunk_ghost_icy,
          uniq_jessica

Skill      XL: |  1  2  3  4 |
---------------+-------------+-----
Ranged Weapons | 5 |  5.3
Fighting       | 3 |  3.0
Armour         | 1 |  1.0
Dodging        | |  1.5
Stealth        | |  1.1

Action                     |  1- 3 |  4- 6 || total
---------------------------+-------+-------++-------
   Fire: Shortbow          |   108 |    63 ||   171
    Use: Scroll            |     2 |     2 ||     4
         Potion            |     1 |       ||     1
 Armour: Leather armour    |    19 |     2 ||    21
         Ring mail         |       |    73 ||    73
  Dodge: Dodged            |    27 |    58 ||    85

Table legend:
 A = Non-vault XP
 B = Vault XP
 C = Vault XP percentage of total XP
 D = Non-vault monster count
 E = Vault monster count
 F = Vault count percentage of total count
                 A         B        C        D         E       F
            +---------+---------+-------+---------+---------+-------
      Total |     122 |       0 |   0.0 |      54 |       0 |   0.0
            +---------+---------+-------+---------+---------+-------
        D:1 |      43 |       0 |   0.0 |      21 |       0 |   0.0
        D:2 |      64 |       0 |   0.0 |      27 |       0 |   0.0
        D:3 |      15 |       0 |   0.0 |       6 |       0 |   0.0
            +---------+---------+-------+---------+---------+-------
